[Event "Titled Tuesday Blitz August 3 2021"]
[White "Tologon tegin, Semetei"]
[Black "Matinian, Nikita"]
[WhiteFideId "13800574"]
[BlackFideId "24129100"]
[WhiteElo "2224"]
[BlackElo "2410"]
[Result "1-0"]
[Round "11"]
[TimeControl "180+1"]
[Date "2021.08.03"]
[WhiteClock "0:00:12"]
[BlackClock "0:00:04"]

1. e4 c5 2. Be2 Nc6 3. f4 g6 4. Nf3 Bg7 5. O-O Nf6 6. d3 O-O 7. c3 d6 8. Kh1 b5 9. a3 Bb7 10. Be3 Qc7 11. Nbd2 Rad8 12. Qe1 Ng4 13. Bg1 f5 14. Rc1 e5 15. h3 Nf6 16. fxe5 Nxe5 17. Ng5 Rfe8 18. d4 Nf7 19. Nxf7 Qxf7 20. Bxb5 Rxe4 21. Nxe4 Nxe4 22. dxc5 Be5 23. Bh2 Bxh2 24. Kxh2 dxc5 25. Rd1 Qc7+ 26. Kg1 Kg7 27. Rxd8 Qxd8 28. Qd1 Qb8 29. Qd7+ Kh6 30. Bd3 Ng5 31. Qe7 Nxh3+ 32. Kh1 Nf4 33. Qh4+ Nh5 34. Be2 Qg3 35. Qh2 Qxh2+ 36. Kxh2 Nf6 37. Bf3 Ba6 38. Rd1 Kg5 39. Rd6 Bc4 40. b4 cxb4 41. axb4 h5 42. Rc6 Bb3 43. c4 h4 44. c5 Nd7 45. Rd6 Ne5 46. c6 Nf7 47. Rd3 Be6 48. c7 Kf6 49. Rd8 g5 50. c8=Q Bxc8 51. Rxc8 g4 52. Bd5 Ng5 53. Rf8+ Ke5 54. Bb7 f4 55. Bc8 g3+ 56. Kg1 f3 57. Rf5+ Ke4 58. Rxg5 f2+ 59. Kf1 1-0


[Site "https://www.chess.com"]

[Event "Titled Tuesday Blitz August 3 2021"]
[White "Tong, Hai Anh"]
[Black "Garv Gaur"]
[WhiteFideId "12412805"]
[BlackFideId "45030839"]
[WhiteElo "1467"]
[BlackElo "1950"]
[Result "1/2-1/2"]
[Round "11"]
[TimeControl "180+1"]
[Date "2021.08.03"]
[WhiteClock "0:01:52"]
[BlackClock "0:01:26"]

1. Nf3 d5 2. g3 Nf6 3. Bg2 c5 4. O-O Nc6 5. d4 cxd4 6. Nxd4 e6 7. c4 Be7 8. Nc3 O-O 9. Bg5 h6 10. Nxc6 bxc6 11. Bf4 Ba6 12. cxd5 cxd5 13. Re1 Qb6 14. Na4 Qa5 15. a3 Rac8 16. b4 Qb5 17. Be3 Rc7 18. Nc5 Rfc8 19. Rc1 Bxc5 20. Bxc5 Nd7 21. a4 Qb7 22. Qd4 Nxc5 23. Rxc5 Rxc5 24. bxc5 Qc7 25. Rc1 Bc4 26. e4 Qxc5 27. Qxc5 Rxc5 28. exd5 exd5 29. Bxd5 Rxd5 30. Rxc4 Ra5 31. Kf1 1/2-1/2


[Site "https://www.chess.com"]

[Event "Titled Tuesday Blitz August 3 2021"]
[White "Trakru, Rohun"]
[Black "Majer, Damir"]
[WhiteFideId "2097613"]
[BlackFideId "4615689"]
[WhiteElo "1746"]
[BlackElo "2372"]
[Result "1-0"]
[Round "11"]
[TimeControl "180+1"]
[Date "2021.08.03"]
[WhiteClock "0:00:02"]
[BlackClock "0:00:04"]

1. d4 Nf6 2. Bg5 d6 3. Bxf6 exf6 4. e4 c6 5. Nc3 d5 6. Nf3 dxe4 7. Nxe4 Qe7 8. Qe2 Be6 9. Nc5 Bc8 10. O-O-O Qxe2 11. Bxe2 Bd6 12. Rhe1 O-O 13. h3 Nd7 14. Ne4 Bf4+ 15. Kb1 Nb6 16. Bd3 Nd5 17. c3 b6 18. Ned2 Bd7 19. Nf1 Rfe8 20. Kc2 g6 21. N3d2 Kg7 22. Nc4 Bc7 23. Nce3 Nf4 24. h4 Nxd3 25. Kxd3 Rad8 26. Kc2 f5 27. g3 f4 28. gxf4 Bxf4 29. Ng3 h5 30. b3 Kf8 31. Nc4 Bg4 32. Ra1 Be6 33. Ne3 c5 34. dxc5 bxc5 35. Rad1 Rb8 36. Nd5 Bh6 37. Nf6 Red8 38. Rxe6 fxe6 39. Nd7+ Ke7 40. Nxb8 Rxb8 41. Ne4 Rf8 42. Rf1 c4 43. bxc4 Rf4 44. f3 Rxh4 45. c5 Rh2+ 46. Kb3 Kd7 47. Rd1+ Kc7 48. Rd6 Be3 49. Rxe6 g5 50. Re7+ Kd8 51. Rxa7 g4 52. fxg4 hxg4 53. Rg7 Rg2 54. c6 Bf4 55. Kc4 g3 56. Kc5 Rxa2 57. Kb6 Bc7+ 58. Kc5 Ra5+ 59. Kc4 1-0


[Site "https://www.chess.com"]

[Event "Titled Tuesday Blitz August 3 2021"]
[White "Turzo, Attila"]
[Black "Gerzhoy, Leonid"]
[WhiteFideId "704954"]
[BlackFideId "2806126"]
[WhiteElo "2425"]
[BlackElo "2506"]
[Result "0-1"]
[Round "11"]
[TimeControl "180+1"]
[Date "2021.08.03"]
[WhiteClock "0:00:10"]
[BlackClock "0:00:36"]

1. d4 Nf6 2. c4 d6 3. Nf3 Nbd7 4. Nc3 e5 5. e4 Be7 6. Be2 O-O 7. O-O c6 8. Re1 a6 9. Rb1 b5 10. b4 Bb7 11. a4 bxc4 12. Bxc4 d5 13. exd5 cxd5 14. dxe5 dxc4 15. exf6 Bxf6 16. Nd5 Bxd5 17. Qxd5 Nb6 18. Qxd8 Rfxd8 19. a5 Nd5 20. Bg5 Bxg5 21. Nxg5 Rab8 22. Kf1 Rxb4 23. Rbc1 c3 24. Ne4 Rc4 25. Rc2 h6 26. f3 f5 27. Nf2 Nb4 28. Rcc1 c2 29. Ke2 Na2 30. Nd3 Nxc1+ 31. Rxc1 Kh7 32. Ne1 Rdc8 33. Kd2 R4c5 34. Nxc2 Rxa5 35. Kd3 Rac5 36. Kd2 a5 37. Kd3 a4 38. Kd2 a3 39. Kd3 a2 40. Kd2 Rxc2+ 41. Rxc2 Rxc2+ 42. Kxc2 a1=Q 0-1


[Site "https://www.chess.com"]

[Event "Titled Tuesday Blitz August 3 2021"]
[White "Urazayev, Arystanbek"]
[Black "Vasquez Schroeder, Rodrigo"]
[WhiteFideId "13709810"]
[BlackFideId "3400042"]
[WhiteElo "2321"]
[BlackElo "2572"]
[Result "0-1"]
[Round "11"]
[TimeControl "180+1"]
[Date "2021.08.03"]
[WhiteClock "0:00:07"]
[BlackClock "0:01:21"]

1. d4 Nf6 2. c4 e6 3. Nc3 Bb4 4. g3 O-O 5. Bg2 d5 6. Nf3 b6 7. O-O Bb7 8. Ne5 Qc8 9. Bg5 Bxc3 10. bxc3 Ne4 11. Bd2 f6 12. Nf3 dxc4 13. Qc2 Bd5 14. Bc1 Nd6 15. Nd2 Bxg2 16. Kxg2 Qb7+ 17. Kg1 Nd7 18. Ba3 b5 19. e4 Rfe8 20. Rab1 Qc6 21. Rfe1 a6 22. Nf3 e5 23. Rbd1 Qb6 24. Nh4 exd4 25. cxd4 b4 26. Bc1 c3 27. Bf4 Nf7 28. Nf5 a5 29. Qa4 c6 30. e5 fxe5 31. dxe5 Ndxe5 32. Bxe5 Nxe5 33. Qb3+ Kh8 34. Nd6 Nf3+ 35. Kh1 Rf8 36. Nf7+ Rxf7 37. Qxf7 Nxe1 38. Rxe1 Qd8 39. Qf5 Qd5+ 0-1


[Site "https://www.chess.com"]

[Event "Titled Tuesday Blitz August 3 2021"]
[White "Vlassov, Nikolai"]
[Black "Ataman, Alper Efe"]
[WhiteFideId "4103360"]
[BlackFideId "6301606"]
[WhiteElo "2407"]
[BlackElo "2023"]
[Result "1-0"]
[Round "11"]
[TimeControl "180+1"]
[Date "2021.08.03"]
[WhiteClock "0:01:28"]
[BlackClock "0:01:42"]

1. e4 e5 2. Bc4 Nf6 3. d3 Nc6 4. Nf3 Be7 5. O-O O-O 6. Re1 d6 7. a4 Kh8 8. a5 a6 9. c3 Ng8 10. d4 f5 11. exf5 exd4 12. Nxd4 Nxd4 13. cxd4 Bxf5 14. Nc3 Bf6 15. Nd5 Ne7 16. Nxf6 Rxf6 17. Bg5 Qf8 18. Bxf6 Qxf6 19. Ra3 Ng6 20. Rae3 Rf8 21. Re8 h6 22. Rxf8+ Nxf8 23. Qf3 Kh7 24. Qxb7 Ng6 25. Bxa6 Nf4 26. Bf1 d5 27. Qxc7 Qxd4 28. Qe5 Nh3+ 29. gxh3 1-0


[Site "https://www.chess.com"]

[Event "Titled Tuesday Blitz August 3 2021"]
[White "Vokhidov, Shamsiddin"]
[Black "Sanal, Vahap"]
[WhiteFideId "14204223"]
[BlackFideId "6300545"]
[WhiteElo "2572"]
[BlackElo "2495"]
[Result "0-1"]
[Round "11"]
[TimeControl "180+1"]
[Date "2021.08.03"]
[WhiteClock "0:00:09"]
[BlackClock "0:00:17"]

1. e4 e5 2. Nf3 Nc6 3. Bc4 Bc5 4. c3 Nf6 5. d3 a6 6. Nbd2 O-O 7. O-O Ba7 8. Re1 Ng4 9. Re2 Kh8 10. h3 f5 11. exf5 Nxf2 12. Rxf2 Bxf2+ 13. Kxf2 d5 14. Bb3 Bxf5 15. Qe2 Qd6 16. Kg1 Rae8 17. Nf1 e4 18. dxe4 Bxe4 19. Ng5 Bg6 20. Be3 d4 21. cxd4 Nxd4 22. Qd2 c5 23. Bxd4 cxd4 24. Re1 Rxe1 25. Qxe1 d3 26. Nf3 Re8 27. Qc3 h6 28. N1d2 Kh7 29. a4 Qg3 30. Qc4 b5 31. axb5 axb5 32. Qg4 Qd6 33. Qh4 Qc5+ 34. Kh2 Re2 35. Qf4 Qf2 36. Qg4 Rxd2 37. Nxd2 Qxd2 38. Qe6 Qf4+ 39. Kg1 Qf8 40. Qd5 Qe8 41. Kh2 Qb8+ 42. Kg1 Qe8 43. Kh2 h5 44. Bd1 Qb8+ 45. Kg1 Qb6+ 46. Kh2 Qc7+ 47. g3 h4 48. Qg5 hxg3+ 49. Qxg3 Qe7 50. Kg1 Qc5+ 51. Qf2 Qg5+ 52. Kh2 Qe5+ 53. Qg3 Qxb2+ 54. Kg1 Qd4+ 55. Kf1 b4 56. Bb3 Qa1+ 57. Qe1 Qf6+ 58. Qf2 Qg5 59. Qe1 Qf4+ 60. Kg1 d2 61. Qe2 Qg3+ 62. Kf1 Bd3 63. Bc2 Qf3+ 0-1


[Site "https://www.chess.com"]

[Event "Titled Tuesday Blitz August 3 2021"]
[White "Weetik, Vjacheslav"]
[Black "He, Anthony"]
[WhiteFideId "4153472"]
[BlackFideId "2088215"]
[WhiteElo "2469"]
[BlackElo "2353"]
[Result "0-1"]
[Round "11"]
[TimeControl "180+1"]
[Date "2021.08.03"]
[WhiteClock "0:00:24"]
[BlackClock "0:01:25"]

1. d4 d5 2. Bf4 Nf6 3. e3 c5 4. c3 Nc6 5. Nd2 cxd4 6. exd4 Bf5 7. Ngf3 e6 8. Nh4 Bg4 9. Qb3 Qc8 10. h3 Bh5 11. g4 Bg6 12. Nxg6 hxg6 13. Be2 Qd7 14. Kf1 Bd6 15. Be3 e5 16. dxe5 Bxe5 17. Nf3 Nxg4 18. Bc5 Nf6 19. Nxe5 Nxe5 20. Bb5 Nc6 21. Re1+ Ne4 22. c4 O-O-O 23. Rxe4 dxe4 24. Kg2 Rh5 25. Be3 Rdh8 26. Bxa7 Rg5+ 27. Kf1 Rgh5 28. Bb6 Rxh3 29. Rxh3 Rxh3 30. Qa4 Qd3+ 31. Kg1 Qb1+ 0-1


[Site "https://www.chess.com"]

[Event "Titled Tuesday Blitz August 3 2021"]
[White "Xie, Bryan"]
[Black "Nguyen, Hong Anh"]
[WhiteFideId "30941296"]
[BlackFideId "12406732"]
[WhiteElo "1899"]
[BlackElo "1974"]
[Result "0-1"]
[Round "11"]
[TimeControl "180+1"]
[Date "2021.08.03"]
[WhiteClock "0:00:19"]
[BlackClock "0:00:15"]

1. e4 c5 2. Nf3 Nc6 3. d4 cxd4 4. Nxd4 g6 5. Nc3 Bg7 6. Be3 Nf6 7. Bc4 Qa5 8. f3 Qb4 9. Nxc6 bxc6 10. Bb3 Ba6 11. Qd2 O-O 12. O-O-O Rfd8 13. Bh6 d5 14. e5 Nd7 15. Bxg7 Kxg7 16. f4 Nc5 17. g4 Rab8 18. h4 d4 19. Nb1 Nxb3+ 20. axb3 d3 21. c3 Qxb3 22. f5 Qc2+ 23. Qxc2 dxc2 24. Kxc2 Be2 25. Rxd8 Rxd8 26. Rg1 Bd3+ 27. Kc1 Bxb1 28. Kxb1 Rd2 29. Re1 Rg2 30. Re4 h5 31. fxg6 Rxg4 32. Re2 fxg6 33. Rh2 Re4 34. Kc2 Rxe5 35. Kd3 Rd5+ 36. Ke4 Kf6 37. Rf2+ Ke6 38. Rg2 Kf6 39. Rf2+ Rf5 40. Rd2 Re5+ 41. Kf4 Rd5 42. Re2 e6 43. Rg2 Rf5+ 44. Ke4 Re5+ 45. Kf4 Rd5 46. Ke4 Rd1 47. Rf2+ Kg7 48. Ke5 Rh1 49. Rf4 Re1+ 50. Kd6 e5 51. Rf2 e4 52. Kxc6 e3 53. Rg2 Rf1 54. Re2 Rf3 55. Kd5 Kf6 56. c4 g5 57. hxg5+ Kxg5 58. c5 Kf4 59. c6 Rg3 60. Kd4 Rg8 61. Rxe3 Rd8+ 62. Kc5 Kxe3 63. c7 Rc8 64. Kc6 h4 65. b4 h3 66. b5 h2 67. Kd7 Rxc7+ 68. Kxc7 h1=Q 69. Kb8 Qb1 70. Kxa7 Qxb5 0-1


[Site "https://www.chess.com"]

[Event "Titled Tuesday Blitz August 3 2021"]
[White "Xiong, Jeffery"]
[Black "Samadov, Read"]
[WhiteFideId "2047640"]
[BlackFideId "13417444"]
[WhiteElo "2724"]
[BlackElo "2084"]
[Result "1-0"]
[Round "11"]
[TimeControl "180+1"]
[Date "2021.08.03"]
[WhiteClock "0:00:13"]
[BlackClock "0:00:02"]

1. c4 e5 2. d3 Nf6 3. Nf3 Nc6 4. a3 a5 5. g3 Bc5 6. Bg2 d6 7. O-O O-O 8. Nc3 h6 9. e3 Ba7 10. h3 Re8 11. b3 d5 12. Nb5 Bb6 13. Bb2 dxc4 14. dxc4 Qe7 15. Qe2 Bf5 16. Rfd1 Rad8 17. Kh2 Be4 18. Nc3 Bxf3 19. Qxf3 e4 20. Qf5 Rxd1 21. Rxd1 Bc5 22. Nd5 Nxd5 23. Rxd5 Bd6 24. c5 Be5 25. Rd7 Qf8 26. Bxe5 Rxe5 27. Qf4 Rxc5 28. Rxc7 Ne5 29. Rxc5 Qxc5 30. Qxe4 b6 31. b4 axb4 32. axb4 Qd6 33. f4 Nd7 34. Qc6 Qd2 35. e4 Qd4 36. e5 Nf8 37. Qd6 Qxd6 38. exd6 Ne6 39. Bd5 Kf8 40. f5 Nd8 41. b5 Ke8 42. Bc6+ Kf8 43. Kg2 f6 44. Bd5 Ke8 45. Bc6+ Kf7 46. Kf3 Kf8 47. Ke4 Nf7 48. Kd5 Ne5 49. Ke6 1-0


[Site "https://www.chess.com"]

[Event "Titled Tuesday Blitz August 3 2021"]
[White "Yoo, Christopher Woojin"]
[Black "Ter-Sahakyan, Samvel"]
[WhiteFideId "30909694"]
[BlackFideId "13302531"]
[WhiteElo "2105"]
[BlackElo "2551"]
[Result "0-1"]
[Round "11"]
[TimeControl "180+1"]
[Date "2021.08.03"]
[WhiteClock "0:00:03"]
[BlackClock "0:00:16"]

1. e4 c5 2. Nf3 Nc6 3. Nc3 e5 4. Bc4 g6 5. d3 h6 6. a3 d6 7. Rb1 a5 8. Nd5 Bg7 9. b4 axb4 10. axb4 Nxb4 11. Nxb4 cxb4 12. Bd2 Ne7 13. Bxb4 O-O 14. O-O Be6 15. Nd2 Nc6 16. Bxe6 fxe6 17. Nc4 b5 18. Ne3 h5 19. c4 Rb8 20. cxb5 Rxb5 21. Qa4 Nd4 22. Nc4 Rf4 23. Nxd6 Qh4 24. h3 Rf3 25. Nxb5 Ne2+ 26. Kh2 Qf4+ 27. g3 Rxf2+ 28. Kh1 Qf3# 0-1


[Site "https://www.chess.com"]

[Event "Titled Tuesday Blitz August 3 2021"]
[White "Zhigalko, Sergei"]
[Black "Shahade, Gregory"]
[WhiteFideId "13502956"]
[BlackFideId "2009064"]
[WhiteElo "2662"]
[BlackElo "2743"]
[Result "1-0"]
[Round "11"]
[TimeControl "180+1"]
[Date "2021.08.03"]
[WhiteClock "0:00:02"]
[BlackClock "0:00:02"]

1. e4 e5 2. Nf3 Nc6 3. Bc4 Nf6 4. d3 Bc5 5. O-O a6 6. Nbd2 Ba7 7. c3 d6 8. Bb3 O-O 9. h3 h6 10. Re1 Re8 11. Nf1 Be6 12. Be3 Bxe3 13. Nxe3 d5 14. exd5 Nxd5 15. Nc4 f6 16. d4 b5 17. Ne3 e4 18. Nd2 Nxe3 19. Rxe3 f5 20. f3 Qg5 21. Qe2 Bxb3 22. axb3 Rf8 23. fxe4 fxe4 24. Rxe4 Rad8 25. Nf3 Qd5 26. b4 Nb8 27. Re5 Qd6 28. Re6 Qf4 29. Re1 Nd7 30. Rxa6 Nb6 31. Raa1 Nc4 32. Qxc4+ bxc4 33. Ne5 Qg3 34. Nxc4 Qf2+ 35. Kh1 Qg3 36. Re3 Qf2 37. Rae1 Rd7 38. R3e2 Qg3 39. Re3 Qf2 40. R3e2 Qh4 41. Ne5 Rd6 42. Re4 Qg3 43. R4e3 Qh4 44. Re4 Qg5 45. Rg4 Qh5 46. Rge4 Rdf6 47. Kh2 Rf2 48. Ng4 1-0


[Site "https://www.chess.com"]

[Event "Titled Tuesday Blitz August 3 2021"]
[White "Zhurbinsky, David"]
[Black "Madaminov, Mukhiddin"]
[WhiteFideId "2072904"]
[BlackFideId "14210703"]
[WhiteElo "2571"]
[BlackElo "1747"]
[Result "0-1"]
[Round "11"]
[TimeControl "180+1"]
[Date "2021.08.03"]
[WhiteClock "0:00:13"]
[BlackClock "0:02:25"]

1. e4 e5 2. Nf3 Nc6 3. Bb5 Nf6 4. O-O Bc5 5. c3 O-O 6. d4 Bb6 7. Bg5 h6 8. Bh4 d6 9. Bxc6 bxc6 10. dxe5 dxe5 11. Qxd8 Rxd8 12. Nxe5 g5 13. Nxc6 Re8 14. e5 Ne4 15. Bg3 h5 16. Re1 Bb7 17. Rxe4 Bxc6 18. Rc4 Bd5 19. Ra4 h4 20. Rg4 f6 21. Nd2 hxg3 22. hxg3 Rxe5 23. Rd1 Re2 24. Nc4 Bxc4 25. Rxc4 Rxf2 26. Kh2 Kg7 27. Rd7+ Kg6 28. g4 Rxb2 29. a4 Bf2 30. g3 Bb6+ 31. Kh1 Rh8+ 32. Rh7 Rxh7# 0-1